 Dungeon Crawl Stone Soup version 0.20.0-15-g7f486f2 (webtiles) character file.

14042 vishdafish the Basher (level 12, -3/76 HPs)
             Began as a Gargoyle Fighter on June 27, 2017.
             Was a High Priest of Okawaru.
             Slain by a five-headed hydra (8 damage)
             ... on level 11 of the Dungeon.
             The game lasted 00:30:15 (15509 turns).

vishdafish the Basher (Gargoyle Fighter)           Turns: 15509, Time: 00:30:16

Health: -3/76      AC: 29    Str: 22    XL:     12   Next: 12%
Magic:  16/16      EV:  6    Int: 10    God:    Okawaru [*****.]
Gold:   452        SH: 12    Dex: 11    Spells: 11/11 levels left

rFire    + + .     SeeInvis .   a - +2 spear of Distant Worlds {pierce, rF+} (curse)
rCold    . . .     Gourm    .   c - +0 shield
rNeg     + . .     Faith    +   W - +0 plate armour (curse)
rPois    ∞         Spirit   .   M - +2 helmet
rElec    +         Reflect  .   r - +1 cloak
rCorr    .         Harm     .   (no gloves)
MR       .....                  (no boots)
Stlth    ..........             G - amulet of faith
Regen    0.3/turn               l - ring of protection from fire
MPRegen  0.2/turn               (no ring)

@: berserk cooldown, slowed, very slow
A: negative energy resistance 1, electricity resistance, unbreathing,
petrification resistance, rot immunity, AC +8
a: Heroism, Finesse, Renounce Religion


You were on level 11 of the Dungeon.
You worshipped Okawaru.
Okawaru was extremely pleased with you.
You were not hungry.

You visited 2 branches of the dungeon, and saw 12 of its levels.

You collected 452 gold pieces.

Inventory:

Hand Weapons
 a - the cursed +2 spear of Distant Worlds (weapon) {pierce, rF+}
   (You found it on level 8 of the Dungeon)

   It inflicts extra damage upon your enemies.
   It protects you from fire.
   It has a curse placed upon it.
 j - a +0 battleaxe of flaming
 y - a +1 mace of protection
 z - a +2 flail of venom
 X - the +3 sling "Punk" {acid, rCorr}
   (Okawaru gifted it to you on level 11 of the Dungeon)

   It protects you from acid and corrosion.
Missiles
 Q - 8 steel javelins
 Y - 50 sling bullets (quivered)
Armour
 c - a +0 shield (worn)
 r - a +1 cloak (worn)
 L - a +2 plate armour of poison resistance
 M - a +2 helmet (worn)
 W - a cursed +0 plate armour (worn)
Jewellery
 l - a ring of protection from fire (left hand)
 G - an amulet of faith (around neck)
Wands
 d - a wand of flame (13/48)
 u - a wand of random effects (25/48)
 v - a wand of flame (17/48)
 w - a wand of acid (1/15)
 B - a wand of digging (9/24)
 C - a wand of scattershot (2/9)
 D - a wand of disintegration (14/24)
 R - a wand of flame (21/48)
Scrolls
 e - 5 scrolls of enchant weapon
 h - a scroll of recharging {unknown}
 m - 2 scrolls of blinking
 o - 2 scrolls of amnesia
 q - a scroll of fear {unknown}
 t - 7 scrolls of teleportation {unknown}
 x - 2 scrolls of magic mapping {unknown}
 A - 2 scrolls of random uselessness {unknown}
 K - a scroll of noise
 N - 3 scrolls of silence
 T - a scroll of brand weapon {unknown}
 U - 5 scrolls of identify
Potions
 i - 2 potions of ambrosia
 n - 2 potions of degeneration
 s - a potion of might
 F - a potion of flight
 J - a potion of curing
 O - a potion of lignification {unknown}
 P - a potion of haste {unknown}
 S - a potion of resistance
 V - a potion of mutation {unknown}
Books
 b - a book of Air

   Spells                             Type                      Level
   a - Shock                          Conjuration/Air              1
   b - Swiftness                      Charms/Air                   2
   c - Static Discharge               Conjuration/Air              3
   d - Airstrike                      Air                          4
   e - Lightning Bolt                 Conjuration/Air              5
 p - a book of Changes

   Spells                             Type                      Level
   a - Beastly Appendage              Transmutation                1
   b - Sticks to Snakes               Transmutation                2
   c - Spider Form                    Transmutation/Poison         3
   d - Ice Form                       Ice/Transmutation            4
   e - Blade Hands                    Transmutation                5
 I - a book of Misfortune

   Spells                             Type                      Level
   a - Confusing Touch                Hexes                        1
   b - Confuse                        Hexes                        3
   c - Gell's Gravitas                Translocation                3
   d - Petrify                        Transmutation/Earth          4
   e - Metabolic Englaciation         Hexes/Ice                    5
   f - Yara's Violent Unravelling     Hexes/Transmutation          5
Comestibles
 f - 3 bread rations
 g - 10 royal jellies
 k - 11 fruits


   Skills:
 + Level 9.6 Fighting
 * Level 11.7 Maces & Flails
 + Level 9.7 Armour
 - Level 0.1 Dodging
 + Level 10.0 Shields
 + Level 5.6 Invocations


You had 11 spell levels left.
You didn't know any spells.

Dungeon Overview and Level Annotations

Branches:
Dungeon (11/15)            Temple (1/1) D:4            Lair (0/6) D:10
    Orc: D:9-12

Altars:
Ashenzari
Cheibriados
Dithmenos
Elyvilon
Fedhas
Gozag
Hepliaklqana
Kikubaaqudgha
Makhleb
Nemelex Xobeh
Okawaru
Qazlal
Ru
Sif Muna
Trog
Uskayaw
Vehumet
Zin
The Shining One


Innate Abilities, Weirdness & Mutations

You are resistant to torment.
Your stone body is resilient. (AC +8)
You are immune to poison.
You resist negative energy. (rN+)
You are resistant to electric shocks. (rElec)
You can survive without breathing.
You are immune to petrification.
You are immune to rotting.


Message History

The five-headed hydra barely misses you. x2
The five-headed hydra bites you.
* * * LOW HITPOINT WARNING * * *
You are too berserk!
You puncture the five-headed hydra!
The five-headed hydra is severely wounded.
Your unstable footing causes you to fumble your attack.
You block the five-headed hydra's attack. x2
The five-headed hydra barely misses you.
The five-headed hydra bites you but does no damage. x2
You puncture the five-headed hydra!
The five-headed hydra is severely wounded.
You are no longer berserk.
You are exhausted.
You feel yourself slow down.
Your unstable footing causes you to fumble your attack.
You feel like a meek peon again.
The five-headed hydra bites you but does no damage. x2
The five-headed hydra bites you!
You die...

##'###
#....#
#....#
#....#
#....+
#....#
#.{..#
##D###
#@#
#.#
#.#
#.#
#.#
#.#
#.#
#.###
#...#


You could see a five-headed hydra.

Vanquished Creatures
  An unseen horror (D:10)
  Pikel (D:4)
  A cyclops (D:11)
  A manticore (D:11)
  An ugly thing (D:11)
  A gargoyle (D:11)
  Psyche (D:9)
  The ghost of NorthaanB the Skirmisher, an amateur BaFi (D:4)
  2 hornets
  2 hippogriffs
  2 vampires
  A wyvern (D:11)
  3 hogs (D:7)
  Grum (D:11)
  14 yaks
  A human (D:7)
  Eustachio (D:3)
  A steam dragon (D:10)
  A water moccasin (D:10)
  2 slaves (D:3)
  4 orc warriors
  2 black bears (D:10)
  Duvessa (D:4)
  3 ice beasts
  A phantom (D:8)
  2 sky beasts
  A necrophage (D:9)
  4 ogres
  2 wolves (D:11)
  2 centaurs
  A crocodile (D:10)
  4 big kobolds
  Blork the orc (D:4)
  13 bullfrogs
  Dowan (D:4)
  A wyvern zombie (D:7)
  4 scorpions
  25 killer bees
  8 wights
  2 howler monkeys
  A bullfrog zombie (D:7)
  5 crimson imps
  A centaur zombie (D:7)
  6 orc priests
  4 hounds
  2 bullfrog skeletons
  2 centaur skeletons
  2 jellies
  17 orc wizards
  2 iguanas
  Natasha (thrice) (D:4)
  10 worker ants
  2 hound zombies
  A hound skeleton (D:4)
  A worker ant zombie (D:5)
  9 adders
  7 gnolls (D:7)
  A howler monkey skeleton (D:7)
  6 shadow imps
  An ooze (D:1)
  An adder skeleton (D:8)
  3 worms (D:2)
  4 dart slugs
  3 leopard geckos
  37 orcs
  5 giant cockroaches
  7 goblins
  5 hobgoblins
  5 jackals
  28 kobolds
  5 quokkas
  3 ball pythons (D:1)
  9 bats
  5 frilled lizards
  A leopard gecko skeleton (D:4)
  11 rats
336 creatures vanquished.

Vanquished Creatures (others)
  30 fungi (D:10)
  2 plants (D:10)
32 creatures vanquished.

Grand Total: 368 creatures vanquished

Notes
Turn   | Place    | Note
-------+----------+-------------------------------------------
     0 | D:1      | vishdafish the Gargoyle Fighter began the quest for the Orb.
     0 | D:1      | Reached XP level 1. HP: 14/14 MP: 1/1
   164 | D:1      | Reached XP level 2. HP: 18/19 MP: 2/2
   257 | D:1      | Reached XP level 3. HP: 20/23 MP: 3/3
   901 | D:2      | Reached skill level 3 in Maces & Flails
   901 | D:2      | Reached XP level 4. HP: 18/29 MP: 4/4
  1287 | D:2      | Found a sparkling altar of Nemelex Xobeh.
  1490 | D:3      | Reached XP level 5. HP: 6/33 MP: 5/5
  1827 | D:3      | Found a deep blue altar of Sif Muna.
  1850 | D:3      | Found a shadowy altar of Dithmenos.
  2372 | D:4      | Noticed Natasha
  2384 | D:4      | Killed Natasha
  2391 | D:4      | Noticed Natasha
  2409 | D:4      | Killed Natasha
  2425 | D:4      | Noticed Natasha
  2425 | D:4      | Found a staircase to the Ecumenical Temple.
  2438 | D:4      | Killed Natasha
  2438 | D:4      | Reached XP level 6. HP: 20/39 MP: 6/6
  2462 | D:4      | Reached skill level 4 in Maces & Flails
  2468 | Temple   | Entered the Ecumenical Temple
  2497 | Temple   | Became a worshipper of Warmaster Okawaru
  2544 | D:5      | Entered Level 5 of the Dungeon
  2843 | D:4      | Noticed Blork the orc
  2857 | D:4      | Killed Blork the orc
  2857 | D:4      | Reached skill level 5 in Fighting
  2862 | D:4      | Reached XP level 7. HP: 37/44 MP: 7/7
  2920 | D:4      | Noticed Duvessa
  2928 | D:4      | Noticed Dowan
  2933 | D:4      | Killed Duvessa
  2943 | D:4      | Killed Dowan
  2943 | D:4      | Reached skill level 5 in Maces & Flails
  2943 | D:4      | Reached skill level 5 in Armour
  3262 | D:4      | Noticed NorthaanB's ghost (amateur BaFi)
  3268 | D:4      | Killed NorthaanB's ghost
  3268 | D:4      | Reached * piety under Okawaru
  3268 | D:4      | Reached skill level 5 in Shields
  3372 | D:4      | Noticed Pikel
  3372 | D:4      | Noticed Eustachio
  3588 | D:3      | Killed Eustachio
  3588 | D:3      | Reached XP level 8. HP: 34/51 MP: 8/8
  4002 | D:4      | Killed Pikel
  4002 | D:4      | Reached ** piety under Okawaru
  4002 | D:4      | Reached skill level 6 in Maces & Flails
  4574 | D:5      | Reached skill level 7 in Maces & Flails
  4771 | D:5      | Reached XP level 9. HP: 56/56 MP: 9/9
  4928 | D:5      | Found a sacrificial altar of Ru.
  5667 | D:6      | HP: 2/56 [ice beast (14)]
  6101 | D:6      | Reached *** piety under Okawaru
  6169 | D:6      | Reached skill level 8 in Maces & Flails
  6338 | D:6      | Found a shattered altar of Ashenzari.
  6364 | D:6      | Found a glowing golden altar of the Shining One.
  7095 | D:7      | Found a glowing silver altar of Zin.
  7095 | D:7      | Found a white marble altar of Elyvilon.
  7275 | D:7      | Reached **** piety under Okawaru
  7275 | D:7      | Reached XP level 10. HP: 53/64 MP: 10/10
  7292 | D:7      | Reached skill level 9 in Maces & Flails
  7482 | D:8      | Found a burning altar of Makhleb.
  7918 | D:8      | Reached ***** piety under Okawaru
  8417 | D:8      | Reached skill level 1 in Invocations
  9186 | D:8      | Reached skill level 10 in Maces & Flails
  9429 | D:8      | Got a shimmering spear
  9430 | D:8      | Identified the cursed +2 spear of Distant Worlds {pierce, rF+} (You found it on level 8 of the Dungeon)
 10159 | D:9      | Found a hide-covered altar of Uskayaw.
 10161 | D:9      | Noticed a dagger
 10161 | D:9      | Noticed a dagger
 10338 | D:9      | Found a bloodstained altar of Trog.
 10371 | D:9      | Noticed Psyche
 10410 | D:9      | Killed Psyche
 10474 | D:9      | Reached XP level 11. HP: 42/69 MP: 12/12
 10886 | D:9      | Found a snail-covered altar of Cheibriados.
 10916 | D:10     | Entered Level 10 of the Dungeon
 10961 | D:9      | Received a gift from Okawaru
 11884 | D:10     | Reached skill level 11 in Maces & Flails
 12150 | D:10     | Found a staircase to the Lair.
 12365 | D:10     | Killed an unseen horror
 12365 | D:10     | Received a gift from Okawaru
 13040 | D:10     | Found a shattered altar of Ashenzari.
 13261 | D:10     | Reached ****** piety under Okawaru
 13421 | D:11     | Noticed Grum
 13441 | D:11     | Reached skill level 5 in Invocations
 13470 | D:11     | Killed Grum
 13889 | D:11     | Received a gift from Okawaru
 14146 | D:11     | Noticed a cyclops
 14330 | D:11     | Killed a cyclops
 14694 | D:10     | Reached XP level 12. HP: 76/76 MP: 16/16
 15465 | D:11     | Reached skill level 10 in Shields
 15466 | D:11     | Noticed a five-headed hydra
 15505 | D:11     | HP: 5/114 [five-headed hydra (4)]
 15509 | D:11     | Slain by a five-headed hydra

Skill      XL: |  1  2  3  4  5  6  7  8  9 10 11 12 |
---------------+-------------------------------------+-----
Maces & Flails | 3 4 5 7 8 10 11 | 11.7
Armour         | 4 5 6 7 8 9 |  9.7
Fighting       | 4 5 6 7 8 9 |  9.6
Shields        | 4 5 6 7 8 9 10 | 10.0
Invocations    | 2 5 |  5.6
Dodging        | |  0.1

Action                   |  1- 3 |  4- 6 |  7- 9 | 10-12 || total
-------------------------+-------+-------+-------+-------++-------
Melee: Flail             |   118 |   201 |   125 |     3 ||   447
       Whip              |       |       |   482 |   427 ||   909
       Spear             |       |       |       |  1366 ||  1366
Invok: Heroism           |       |       |       |     6 ||     6
       Finesse           |       |       |       |     2 ||     2
Evoke: Wand              |       |       |     1 |       ||     1
  Use: Potion            |       |     1 |     5 |     2 ||     8
       Scroll            |       |       |     7 |     7 ||    14
  Eat: Chunk             |       |     1 |     2 |     4 ||     7
       Fruit             |       |     1 |       |       ||     1
       Bread ration      |       |     1 |       |     5 ||     6
       Meat ration       |       |       |     3 |     1 ||     4
Armor: Scale mail        |    63 |   128 |   111 |       ||   302
       Ring mail         |       |       |   114 |   151 ||   265
       Plate armour      |       |       |       |  1100 ||  1100
       Skin              |       |       |       |     9 ||     9
Dodge: Dodged            |    22 |    68 |   152 |   373 ||   615
Block: Shield            |    52 |   115 |   305 |  1000 ||  1472
